 Dungeon Crawl Stone Soup version 0.27-a0-328-g7f782ed93a (webtiles) character file.

Game seed: 6705583859820875485

132 lunkers the Insei (level 5, -6/37 HPs)
             Began as a Merfolk Transmuter on Feb 10, 2021.
             Mangled by Natasha (10 damage)
             ... on level 2 of the Dungeon on Feb 11, 2021.
             The game lasted 00:05:41 (3268 turns).

lunkers the Insei (Merfolk Transmuter)              Turns: 3268, Time: 00:05:42

Health: -6/37      AC:  0    Str: 10    XL:     5   Next: 15%
Magic:  6/8        EV: 15    Int: 13    God:
Gold:   95         SH:  0    Dex: 15    Spells: 4/8 levels left

rFire    . . .     SeeInvis .     - Unarmed
rCold    . . .     Faith    .   (shield currently unavailable)
rNeg     . . .     Spirit   .   (armour currently unavailable)
rPois    .         Reflect  .   (helmet currently unavailable)
rElec    .         Harm     .   (cloak currently unavailable)
rCorr    .         Rampage  .   (gloves currently unavailable)
Will     .....                  (boots currently unavailable)
Stlth    +.........             (no amulet)
HPRegen  0.12/turn              (ring currently unavailable)
MPRegen  0.11/turn              (ring currently unavailable)

@: pig-form (expiring), very quick
A: small, (change form in water), (swift swim), (stealthy swim)
a: no special abilities


You were on level 2 of the Dungeon.
You were a filthy swine.
You visited 1 branch of the dungeon, and saw 2 of its levels.

You collected 95 gold pieces.

Inventory:

Hand Weapons
 i - a +1 vampiric dagger
 l - a +2 dagger of speed
Armour
 a - a +0 robe (melded)
 g - a +0 pair of boots (melded)
Jewellery
 d - a ring of protection from cold (melded)
Wands
 o - a wand of flame (16)
Scrolls
 b - 6 scrolls of identify {unknown}
 c - a scroll of fear {unknown}
 f - a scroll of teleportation {unknown}
 h - a scroll of blinking {unknown}
 k - a scroll of amnesia {unknown}
 m - a scroll of fog {unknown}
Potions
 e - 2 potions of invisibility {unknown}
 j - 3 potions of lignification {unknown}
 n - a potion of mutation {unknown}


   Skills:
 - Level 1.1 Fighting
 - Level 2.6 Dodging
 * Level 5.4 Unarmed Combat
 - Level 2.0 Spellcasting
 + Level 4.4 Transmutations


You had 4 spell levels left.
You knew the following spells:

 Your Spells              Type           Power        Failure   Level
c - Spider Form           Tmut/Pois      3%           30%         3
p - Beastly Appendage     Tmut           24%          4%          1

Your spell library contained the following spells:

 Spells                   Type           Power        Failure   Level
 Wereblood                Tmut           12%          6%          2
 Ice Form                 Ice/Tmut       7%           71%         4
 Blade Hands              Tmut           6%           75%         5


Dungeon Overview and Level Annotations

Branches:
Dungeon (2/15)

Altars:
Cheibriados
Kikubaaqudgha

Annotations:
D:2 Natasha


Message History

Natasha misses you. The iron imp barely misses you.
You hit Natasha.
Natasha is severely wounded.
Natasha closely misses you. The iron imp closely misses you.
You barely miss Natasha.
Natasha is severely wounded.
Natasha claws you. The iron imp hits you!
You hit Natasha.
Natasha is almost dead.
Natasha claws you.
You closely miss Natasha.
Natasha is almost dead.
The iron imp hits you!
* * * LOW HITPOINT WARNING * * *
Natasha zaps a wand.
You resist with some effort.
You closely miss Natasha.
Natasha is almost dead.
The iron imp closely misses you. Natasha misses you.
You closely miss Natasha.
Natasha is almost dead.
Natasha zaps a wand.
You closely miss Natasha.
Natasha is almost dead.
Your transformation is almost over.
The iron imp hits you.
* * * LOW HITPOINT WARNING * * *
You hit Natasha but do no damage.
Natasha is almost dead.
Natasha mumbles some strange words.
The iron imp hits you.
* * * LOW HITPOINT WARNING * * *
You closely miss Natasha.
Natasha is almost dead.
Natasha barely misses you. The iron imp closely misses you.
You barely miss Natasha.
Natasha is almost dead.
The shadow imp hits you.
* * * LOW HITPOINT WARNING * * *
Natasha claws you!
You die...

#)........# #.>.......#
#.........# ###########.....<.##
##### .........##.........######
....# ..?).....##.........#.....
....# .....>...##.........#.....
....# ..........h.........#.....
....# ......<..h5.........#.....
....# ..$..>..5.................
....# .........##.......<.......
....# ######..#####....##......
....# ##......## ##....####.....
....# ##.(.#.######..#.## #.....
#...# #..#...###.......# #.....
....###..#.####..##.#############
................##..#........# ##


You could see an iron imp (summoned), Natasha and a shadow imp (summoned).

Vanquished Creatures
  Natasha (twice) (D:2)
  2 adders (D:2)
  2 oozes (D:1)
  2 worms (D:2)
  A leopard gecko (D:2)
  2 ball pythons (D:1)
  2 giant cockroaches
  9 goblins (D:1)
  4 hobgoblins
  3 jackals (D:2)
  9 bats
  A frilled lizard (D:2)
  5 kobolds
  6 rats
50 creatures vanquished.

Notes
Turn   | Place    | Note
-------+----------+-------------------------------------------
     0 | D:1      | lunkers the Merfolk Transmuter began the quest for the Orb.
     0 | D:1      | Reached XP level 1. HP: 15/15 MP: 3/3
   197 | D:1      | Reached XP level 2. HP: 20/21 MP: 3/5
   473 | D:1      | Reached skill level 4 in Unarmed Combat
   737 | D:1      | Reached XP level 3. HP: 18/26 MP: 6/6
  2055 | D:2      | Reached XP level 4. HP: 32/32 MP: 7/7
  2067 | D:2      | Learned a level 3 spell: Spider Form
  2067 | D:2      | Upgraded the game from 0.27-a0-323-gbd089401bb to
                  | 0.27-a0-328-g7f782ed93a
  2308 | D:2      | Noticed Natasha
  2566 | D:2      | Found a snail-covered altar of Cheibriados.
  2596 | D:2      | Killed Natasha
  2597 | D:2      | Reached skill level 5 in Unarmed Combat
  2668 | D:2      | Noticed Natasha
  2676 | D:2      | Killed Natasha
  2677 | D:2      | Reached XP level 5. HP: 6/37 MP: 4/8
  3067 | D:2      | Found an ancient bone altar of Kikubaaqudgha.
  3249 | D:2      | Noticed Natasha
  3268 | D:2      | Mangled by Natasha

Illustrated notes

Levels and vault maps discovered:
D:1:      dpeg_arrival_windows_large_door, layout_loops_corners,
          amcnicky_mini_rare_corridor_liquid, minivault_26
D:2:      layout_rooms, cheibriados_altar_1, lemuel_doored_altar,
          minmay_pentomino_p2, uniq_natasha

Skill      XL: |  1  2  3  4 |
---------------+-------------+-----
Transmutations | 3 4 |  4.4
Unarmed Combat | 4 5 |  5.4
Fighting       | |  1.1
Dodging        | |  2.6
Spellcasting   | |  2.0

Action                   |  1- 3 |  4- 6 || total
-------------------------+-------+-------++-------
Melee: Unarmed           |   103 |    59 ||   162
       Headbutt          |    11 |       ||    11
 Cast: Beastly Appendage |    26 |     1 ||    27
       Spider Form       |       |     5 ||     5
Armor: Robe              |    18 |    10 ||    28
       Skin              |       |     1 ||     1
Dodge: Dodged            |    89 |    36 ||   125

Table legend: (Time is in decaauts)
 A = Elapsed time spent in this place.
 B = Non-inter-level travel time spent in this place.
 C = Inter-level travel time spent in this place.
 D = Time resting spent in this place.
 E = Time spent auto-exploring this place.
 F = Levels seen in this place.
 G = Mean time per level.
                   A        B        C        D        E       F      G
               +--------+--------+--------+--------+--------+-----+--------+
         Total |   3239 |   3222 |     17 |    471 |   2305 |   2 | 1619.5 |
       Dungeon |   3239 |   3222 |     17 |    471 |   2305 |   2 | 1619.5 |
               +--------+--------+--------+--------+--------+-----+--------+

Top non-repeatable levels by time:
     D:1: 1974 daAuts
     D:2: 1265 daAuts
